 Dungeon Crawl Stone Soup version 0.30-a0-800-g7c544603b3 (webtiles) character file.

Game seed: 14984684960688694383

465 Newt the Chucker (level 6, -1/48 HPs)
             Began as a Demonspawn Gladiator on Feb 22, 2023.
             Was a Follower of Okawaru.
             Slain by a gnoll
             ... wielding a +0 spear
              (5 damage)
             ... on level 4 of the Dungeon.
             The game lasted 00:03:40 (3519 turns).

Newt the Chucker (Demonspawn Gladiator)             Turns: 3519, Time: 00:03:40

Health: -1/48      AC:  3    Str: 17    XL:     6   Next: 80%
Magic:  6/6        EV:  6    Int:  9    God:    Okawaru [*.....]
Gold:   113        SH:  0    Dex: 14    Spells: 5/5 levels left

rFire   + . .      SeeInvis .    s - +9 flail of Kismet {protect, Stlth+}
rCold   + . .      Faith    +    (no shield)
rNeg    . . .      Spirit   .    b - +0 leather armour
rPois   +          Reflect  .    (helmet restricted)
rElec   +          Harm     .    (no cloak)
rCorr   +          Rampage  .    (no gloves)
Will    .....                    (no boots)
Stlth   +++                      g - amulet of faith
HPRegen 0.28/turn                (no ring)
MPRegen 0.10/turn                (no ring)

@: resistant, flying, held, invisible
A: claws 1, horns 1, weakness stinger 2
a: Renounce Religion, Heroism


You were on level 4 of the Dungeon.
You worshipped Okawaru.
Okawaru was aware of your devotion.
You visited 1 branch of the dungeon, and saw 4 of its levels.

You collected 113 gold pieces.

Inventory:

Hand Weapons
 a - a +0 rapier
 m - a +2 dagger of speed
 s - the +9 flail of Kismet (weapon) {protect, Stlth+}
   (You found it on level 4 of the Dungeon)

   Stlth:     It makes you more stealthy.
Missiles
 d - 3 throwing nets (quivered)
 e - 4 javelins
 o - 2 poisoned darts
Armour
 b - a +0 leather armour (worn)
 c - a +0 helmet
Jewellery
 g - an amulet of faith (around neck)
Scrolls
 n - a scroll of amnesia
 r - a scroll of teleportation
Potions
 f - 2 potions of brilliance
 h - a potion of haste
 i - a potion of mutation
 j - a potion of invisibility
 k - a potion of resistance
 l - 2 potions of curing
 p - a potion of flight
 q - a potion of lignification


   Skills:
 - Level 4.0 Fighting
 - Level 4.0 Short Blades
 + Level 4.8 Throwing
 - Level 2.6 Dodging
 - Level 1.5 Stealth


You had 5 spell levels left.
You didn't know any spells.
Your spell library contained the following spells:

 Spells                   Type           Power      Damage    Failure   Level
 Ensorcelled Hibernation  Hex/Ice        0%         N/A       58%         2
 Inner Flame              Hex/Fire       0%         N/A       83%         3
 Spider Form              Tmut/Pois      0%         N/A       83%         3
 Anguish                  Hex/Necr       0%         N/A       99%         4
 Flame Wave               Conj/Fire      0%         2d4       99%         4
 Sticky Flame             Conj/Fire      0%         2d3       99%         4


Dungeon Overview and Level Annotations

Branches:
Dungeon (4/15)
 Temple: D:4-7

Altars:
Fedhas
Okawaru

Shops:
D:2 =   D:3 :


Innate Abilities, Weirdness & Mutations

You have sharp fingernails.
You have a pair of small horns on your head.
You have a tail ending in a sharp stinger.


Message History

You become entangled in the net!
You are held in a net!
You are held in a net!
You struggle against the net.
The gnoll hits you but does no damage. x2
You struggle against the net.
The gnoll barely misses you.
The gnoll hits you from afar with a +0 spear.
The gnoll hits you but does no damage.
The endoplasm jiggles.
You struggle against the net.
The gnoll closely misses you. The gnoll barely misses you.
The gnoll hits you from afar with a +0 spear.
You struggle against the net.
The gnoll hits you from afar with a +0 halberd!
The gnoll hits you from afar with a +0 spear. x2
You shred the net and break free!
The gnoll throws a throwing net.
The throwing net closely misses you.
The gnoll hits you from afar with a +0 spear.
The gnoll hits you from afar with a +0 spear!
* * * LOW HITPOINT WARNING * * *
The gnoll throws a throwing net.
The throwing net hits you.
You become entangled in the net!
You see here a throwing net.
You struggle against the net.
The gnoll hits you from afar with a +0 spear.
* * * LOW HITPOINT WARNING * * *
The gnoll hits you from afar with a +0 spear.
* * * LOW HITPOINT WARNING * * *
Okay, then.
Okay, then.
It was a potion of invisibility.
You fade into invisibility!
The gnoll barely misses you. The gnoll hits you but does no damage.
It was a potion of resistance.
You feel protected. The gnoll barely misses you. x2
It was a potion of flight.
You feel very buoyant.
You fly up into the air.
The gnoll hits you from afar with a +0 spear.
You die... ... .. .# .....#. .. ... ## ..... .. .#.## #. ggJ#

##. #gg# # #..#### ##..# . #.
#...###..@#....
#..##....)...(......# ..[..
#............##.##..# .....
#..##....##.....### ..... ##
##.#......#...... ........
##.........#.<.........##..
####................>.........
#..#..........##........... #.
#.....#.......#.............##


You could see 4 gnolls and an endoplasm.

Vanquished Creatures
  A phantom (D:3)
  A necrophage (D:4)
  2 hounds (D:4)
  2 iguanas (D:4)
  Natasha (twice) (D:4)
  3 gnolls
  6 adders
  2 worms (D:3)
  2 dart slugs
  5 orcs
  10 ball pythons
  9 endoplasms
  3 giant cockroaches
  7 goblins
  7 hobgoblins
  5 jackals
  2 quokkas
  3 bats
  5 frilled lizards
  3 kobolds
  4 rats
84 creatures vanquished.

Vanquished Creatures (others)
  3 plants (D:4)
3 creatures vanquished.

Grand Total: 87 creatures vanquished

Notes
Turn   | Place    | Note
-------+----------+-------------------------------------------
     0 | D:1      | Newt the Demonspawn Gladiator began the quest for the Orb.
     0 | D:1      | Reached XP level 1. HP: 16/16 MP: 1/1
    62 | D:1      | Reached skill level 1 in Stealth
   192 | D:1      | Discovered your monstrous ancestry.
   192 | D:1      | Gained mutation: You have sharp fingernails. [demonic
                  | ancestry]
   192 | D:1      | Reached XP level 2. HP: 9/23 MP: 2/2
   769 | D:1      | Gained mutation: You have a small tail. [demonic ancestry]
   769 | D:1      | Reached XP level 3. HP: 29/29 MP: 3/3
   805 | D:1      | You fall into a shaft and drop 1 floor!
  1288 | D:2      | Reached XP level 4. HP: 37/37 MP: 4/4
  1346 | D:2      | Found an iron altar of Okawaru.
  1354 | D:2      | Became a worshipper of Warmaster Okawaru
  1447 | D:2      | Found Untekh's Jewellery Shoppe.
  1920 | D:3      | Found a blossoming altar of Fedhas.
  2003 | D:3      | Noticed a phantom
  2017 | D:3      | Killed a phantom
  2018 | D:3      | Gained mutation: You have a pair of small horns on your
                  | head. [demonic ancestry]
  2018 | D:3      | Reached XP level 5. HP: 23/42 MP: 5/5
  2395 | D:3      | Found Diupte's Book Emporium.
  2876 | D:4      | Noticed Natasha
  2892 | D:4      | Killed Natasha
  3037 | D:4      | Gained mutation: You have a tail ending in a sharp stinger.
                  | [demonic ancestry]
  3037 | D:4      | Reached XP level 6. HP: 19/48 MP: 6/6
  3193 | D:4      | Noticed Natasha
  3207 | D:4      | Killed Natasha
  3207 | D:4      | Reached * piety under Okawaru
  3323 | D:4      | Identified the +9 flail of Kismet {protect, Stlth+}
  3519 | D:4      | Slain by a gnoll

Illustrated notes

Levels and vault maps discovered:
D:1:      reono_arrival_mine, layout_loops_cross
D:2:      layout_loops_ring, basic_altar, serial_shops, shop
D:3:      layout_basic, mainiacjoe_overflow_alcove_4, serial_shops, shop
D:4:      layout_cave_pools, mainiacjoe_overflow_paths,
          guppyfry_early_lair_pool, uniq_natasha

Skill      XL: |  1  2  3  4  5  6 |
---------------+-------------------+-----
Stealth        | 1 |  1.5
Fighting       | 3 4 |  4.0
Short Blades   | 4 |  4.0
Throwing       | 2 3 4 |  4.8
Dodging        | |  2.6

Action                     |  1- 3 |  4- 6 || total
---------------------------+-------+-------++-------
  Melee: Rapier            |   106 |    64 ||   170
         Punch             |     1 |     2 ||     3
         Tailslap          |     4 |    20 ||    24
         Dagger            |       |   104 ||   104
         Headbutt          |       |    23 ||    23
         Flail             |       |    13 ||    13
  Throw: Throwing net      |     1 |       ||     1
         Javelin           |     1 |     5 ||     6
    Use: Scroll            |     3 |     5 ||     8
         Potion            |       |     4 ||     4
   Stab: Sleeping          |     3 |     5 ||     8
         Distracted        |     1 |       ||     1
 Armour: Leather armour    |    33 |    42 ||    75
  Dodge: Dodged            |    58 |    83 ||   141

Table legend: (Time is in decaauts)
 A = Elapsed time spent in this place.
 B = Non-inter-level travel time spent in this place.
 C = Inter-level travel time spent in this place.
 D = Time resting spent in this place.
 E = Time spent auto-exploring this place.
 F = Levels seen in this place.
 G = Mean time per level.
                   A        B        C        D        E       F      G
               +--------+--------+--------+--------+--------+-----+--------+
         Total |   3486 |   3411 |     75 |    403 |   2408 |   4 |  871.5 |
       Dungeon |   3486 |   3411 |     75 |    403 |   2408 |   4 |  871.5 |
               +--------+--------+--------+--------+--------+-----+--------+

Top non-repeatable levels by time:
     D:1: 1063 daAuts
     D:3: 961 daAuts
     D:2: 851 daAuts
     D:4: 610 daAuts
